AoeStats
← JellyGolem

Arabia

504906955Analyzed
2v2 RM · 27d ago on Sep 7, 2026· 34m 56s· 4 players
Game mode
Random Map
Map size
Medium (4 player)
Population
200
Speed
Normal
Resources
Standard
Victory
Conquest
Starting age
Dark Age
Ending age
Imperial Age
RankedLock teamsTeams togetherTeam positionsShared explorationLock speedFull tech treeHidden civsTurbo modeCheats
Victory
Defeat
🇺🇸 Vietnamese · United States
936
+17
🇺🇸 Ethiopians · United States
914
+19
🇺🇸 Burgundians · United States
894
-15
🇺🇸 Byzantines · United States
893
-15
JellyGolem
4:29 Loom
11:25 Feudal Age
11:39 Man-at-Arms
13:05 Double-Bit Axe
13:04 Horse Collar
14:15 Fletching
15:18 Padded Archer Armor
24:36 Castle Age
22:57 Forging
23:47 Scale Mail Armor
24:45 Gold Mining
24:56 Light Cavalry
25:37 Husbandry
26:19 Scale Barding Armor
28:55 Wheelbarrow
29:55 Chain Barding Armor
31:48 Squires
32:10 Chain Mail Armor
32:30 Iron Casting
34:25 Hand Cart
mmill105
10:12 Feudal Age
11:17 Double-Bit Axe
11:22 Man-at-Arms
13:56 Horse Collar
17:16 Gold Mining
18:10 Fletching
21:42 Wheelbarrow
25:57 Castle Age
23:47 Loom
24:43 Forging
26:27 Bloodlines
26:01 Crossbowman
27:32 Elite Skirmisher
28:30 Bow Saw
28:25 Heavy Plow
30:14 Hand Cart
30:51 Light Cavalry
31:57 Padded Archer Armor
31:54 Bodkin Arrow
34:25 Town Watch
RJP
5:00 Loom
10:54 Feudal Age
12:13 Wheelbarrow
11:25 Double-Bit Axe
15:43 Scale Mail Armor
18:12 Padded Archer Armor
19:16 Fletching
27:20 Castle Age
26:31 Forging
26:36 Stone Mining
26:38 Gold Mining
27:44 Pikeman
28:25 Squires
28:44 Chain Mail Armor
29:58 Stone Shaft Mining
34:13 Gold Shaft Mining
34:30 Scale Barding Armor
34:20 Elite Skirmisher
CC
7:52 Loom
12:05 Feudal Age
11:11 Loom
19:12 Fletching
19:22 Padded Archer Armor
22:24 Double-Bit Axe
22:21 Horse Collar
32:00 Castle Age
Connection lost

Rejoining the realm…

Still unreachable

The connection could not be restored.

Session expired

The server has moved on; the page needs a fresh start.